 Dungeon Crawl Stone Soup version 0.29.1-2-gbd0b4ee654 (webtiles) character file.

Game seed: 14529702264422661258

59 raistware the Conjurer (level 4, -2/27 HPs)
             Began as an Octopode Conjurer on Oct 28, 2022.
             Slain by Terence
             ... wielding a +0 flail
              (8 damage)
             ... on level 2 of the Dungeon.
             The game lasted 00:03:17 (1875 turns).

raistware the Conjurer (Octopode Conjurer)          Turns: 1875, Time: 00:03:18

Health: -2/27      AC:  1    Str:  6    XL:     4   Next: 3%
Magic:  7/9        EV: 13    Int: 22    God:
Gold:   49         SH:  0    Dex: 10    Spells: 9/10 levels left

rFire   . . .      SeeInvis .   g - +1 spear (freeze)
rCold   . . .      Faith    .   (no shield)
rNeg    . . .      Spirit   .   c - +0 hat
rPois   .          Reflect  .   (no amulet)
rElec   .          Harm     .   (no ring)
rCorr   .          Rampage  .   (no ring)
Will    .....                   (no ring)
Stlth   +++.......              (no ring)
HPRegen 0.09/turn               (no ring)
MPRegen 0.11/turn               (no ring)
                                (no ring)
                                (no ring)

@: no status effects
A: almost no armour, amphibious, 8 rings, camouflage 1, gelatinous body 1,
(nimble swimmer 1), tentacles
a: no special abilities


You were on level 2 of the Dungeon.
You visited 1 branch of the dungeon, and saw 2 of its levels.

You collected 49 gold pieces.

Inventory:

Hand Weapons
 g - a +1 spear of freezing (weapon)
Armour
 c - a +0 hat (worn)
Scrolls
 b - a scroll of magic mapping {unknown}
 f - a scroll of enchant weapon {unknown}
 h - a scroll of immolation {unknown}
 i - a scroll of identify {unknown}
 j - a scroll of acquirement {unknown}
 m - a scroll of fear {unknown}
Potions
 a - a potion of magic
 d - a potion of flight {unknown}
 e - a potion of resistance {unknown}


   Skills:
 - Level 2.0 Dodging
 - Level 2.6 Stealth
 + Level 3.9 Spellcasting
 - Level 4.0 Conjurations


You had 9 spell levels left.
You knew the following spells:

 Your Spells              Type           Power      Damage    Failure   Level
a - Magic Dart            Conj           84%        1d7       2%          1

Your spell library contained the following spells:

 Spells                   Type           Power      Damage    Failure   Level
 Searing Ray              Conj           42%        2d6       3%          2
 Necrotise                Necr           16%        1d4       12%         1
 Dazzling Flash           Conj/Hex       26%        N/A       16%         3
 Fulminant Prism          Conj/Hex       6%         3d7       45%         4
 Iskenderun's Mystic Bla  Conj/Tloc      13%        2d5       45%         4


Dungeon Overview and Level Annotations

Branches:
Dungeon (2/15)

Altars:

Annotations:
D:2 Sigmund, Terence


Innate Abilities, Weirdness & Mutations

You cannot wear most types of armour.
You are amphibious.
You can wear up to eight rings at the same time.
Your skin changes colour to match your surroundings (Stealth+).
Your rubbery body absorbs attacks. (AC +1, EV +1)
((You are camouflaged when in or above water. (Stealth+)))
You have tentacles for arms and can constrict up to eight enemies at once.


Message History

Terence is lightly wounded.
You reach to attack!
The helpless Terence fails to defend himself.
You hit Terence. You freeze Terence.
Terence is lightly wounded.
You reach to attack!
The helpless Terence fails to defend himself.
You hit Terence but do no damage.
Terence is lightly wounded.
You reach to attack!
The helpless Terence fails to defend himself.
You hit Terence but do no damage.
Terence is lightly wounded.
Terence is no longer paralysed.
You closely miss Terence. Your grab misses Terence.
Terence is lightly wounded.
Terence misses you.
Aiming: Paralyse
Press: ? - help, Shift-Dir - straight line, f/p - Terence
Aim: Terence, wielding a +0 flail and wearing a +2 chain mail of willpower (lightly wounded, chance to affect: 23%) Terence resists with almost no effort.
Terence hits you with a +0 flail!
Aiming: Paralyse
Press: ? - help, Shift-Dir - straight line, f/p - Terence
Aim: Terence, wielding a +0 flail and wearing a +2 chain mail of willpower (lightly wounded, chance to affect: 23%) Terence resists with almost no effort.
Terence hits you with a +0 flail!
Aiming: Paralyse
Press: ? - help, Shift-Dir - straight line, f/p - Terence
Aim: Terence, wielding a +0 flail and wearing a +2 chain mail of willpower (lightly wounded, chance to affect: 23%) Terence resists with almost no effort.
Terence completely misses you.
Aiming: Paralyse
Press: ? - help, Shift-Dir - straight line, f/p - Terence
Aim: Terence, wielding a +0 flail and wearing a +2 chain mail of willpower (lightly wounded, chance to affect: 23%) Terence resists with almost no effort.
The now-empty wand crumbles to dust.
Terence hits you with a +0 flail.
* * * LOW HITPOINT WARNING * * *
You hit Terence but do no damage. You grab Terence.
Terence is lightly wounded.
You constrict Terence, but do no damage.
Terence hits you with a +0 flail!
You die...

.................####.#.#.#####
............).........#.......
.................#...##...#.#
........†........#..........#
.##..............#....#.....#
.##..............#....#.....#.#.#
.'...............+...............
.###.####.########..."#..##.###.#
.# #.####.......@@....#..##+###.#
## #.#......######...###........#
####.#......### ########........#
.....'......... ................#
######......... #####....†.....#
# ####......... #...@..(.... #
#............ #.....##### #
#........#.. #.....### #
#........# . ##+##...####


You could see Terence.

Vanquished Creatures
  An adder (D:2)
  A worm (D:2)
  A dart slug (D:2)
  A ball python (D:2)
  2 bats
  4 endoplasms
  4 giant cockroaches (D:1)
  6 goblins
  3 hobgoblins
  2 jackals (D:1)
  3 kobolds (D:1)
  5 quokkas
  3 frilled lizards (D:1)
  3 rats
39 creatures vanquished.

Vanquished Creatures (others)
  4 fungi (D:1)
  2 plants (D:1)
6 creatures vanquished.

Grand Total: 45 creatures vanquished

Notes
Turn   | Place    | Note
-------+----------+-------------------------------------------
     0 | D:1      | raistware the Octopode Conjurer began the quest for the
                  | Orb.
     0 | D:1      | Reached XP level 1. HP: 11/11 MP: 3/3
   263 | D:1      | Reached XP level 2. HP: 17/17 MP: 3/5
  1004 | D:1      | Reached XP level 3. HP: 21/21 MP: 5/7
  1121 | D:1      | Found a faded altar of an unknown god.
  1126 | D:1      | Got Plato's Opusculum on Death
  1577 | D:2      | Noticed Sigmund
  1770 | D:2      | Reached XP level 4. HP: 27/27 MP: 4/9
  1832 | D:2      | Noticed Terence
  1875 | D:2      | Slain by Terence

Illustrated notes

Levels and vault maps discovered:
D:1:      roderic_crossed_star, layout_basic,
          shapermc_ecumenical_altar_rom_forum, nicolae_titane
D:2:      layout_basic, basic_altar, hangedman_decor_clover_reticule,
          uniq_sigmund, uniq_terence

Skill      XL: |  1  2 |
---------------+-------+-----
Spellcasting   | 3 |  3.9
Dodging        | |  2.0
Stealth        | |  2.6
Conjurations   | |  4.0

Action                   |  1- 3 |  4- 6 || total
-------------------------+-------+-------++-------
Melee: Unarmed           |     4 |       ||     4
       Spear             |     5 |    12 ||    17
       Constrict         |     3 |     1 ||     4
       Tentacles         |     2 |       ||     2
 Cast: Magic Dart        |    79 |     7 ||    86
Evoke: Wand              |       |     6 ||     6
 Stab: Paralysed         |       |    10 ||    10
Armor: Skin              |     1 |       ||     1
Dodge: Dodged            |     3 |     4 ||     7
